 Dungeon Crawl Stone Soup version 0.30-a0-165-g1891117ce2 (webtiles) character file.

Game seed: 17632264779635631561

120 qw the Chopper (level 5, -5/32 HPs)
             Began as a Gargoyle Fighter on Sept 28, 2022.
             Killed from afar by Edmund (9 damage)
             ... with a puff of flame
             ... on level 4 of the Dungeon.
             The game lasted 00:01:22 (2857 turns).

qw the Chopper (Gargoyle Fighter)                   Turns: 2857, Time: 00:01:22

Health: -5/32      AC: 18    Str: 22    XL:     5   Next: 4%
Magic:  5/5        EV:  7    Int:  8    God:
Gold:   160        SH:  4    Dex:  9    Spells: 4/4 levels left

rFire   . . .      SeeInvis .    Y - +0 war axe
rCold   . . .      Faith    .    c - +0 buckler
rNeg    + . .      Spirit   .    i - +0 chain mail
rPois   inf        Reflect  .    h - +1 helmet
rElec   +          Harm     .    (no cloak)
rCorr   .          Rampage  .    b - +2 pair of gloves
Will    .....                    (no boots)
Stlth   ..........               (no amulet)
HPRegen 0.10/turn                (no ring)
MPRegen 0.09/turn                (no ring)

@: about to teleport
A: sickness immunity, AC +4, negative energy resistance 1, electricity
resistance, torment resistance 1, petrification resistance
a: no special abilities


You were on level 4 of the Dungeon.
You visited 1 branch of the dungeon, and saw 4 of its levels.

You collected 205 gold pieces.
You spent 45 gold pieces at shops.


Innate Abilities, Weirdness & Mutations

You are immune to sickness and miasma.
Your stone body is resilient. (AC +4)
You are immune to poison.
You resist negative energy. (rN+)
You are resistant to electric shocks. (rElec)
You are resistant to unholy torment.
You are immune to petrification.


   Skills:
 - Level 3.2 Fighting
 + Level 4.6 Axes
 - Level 3.2 Armour
 - Level 3.2 Shields


You had 4 spell levels left.
You didn't know any spells.
Your spell library was empty.

Inventory:

Hand Weapons
 g - a +0 flail
 Y - a +0 war axe (weapon)
Armour
 b - a +2 pair of gloves (worn)
 c - a +0 buckler (worn)
 h - a +1 helmet (worn)
 i - a +0 chain mail (worn)
 k - a +0 tower shield
Scrolls
 a - a scroll of identify
 e - 2 scrolls of teleportation
 n - 2 scrolls of noise {unknown}
Potions
 d - 2 potions of might
 f - 2 potions of curing
 j - a potion of attraction
 l - a potion of resistance
 m - a potion of invisibility {unknown}

Dungeon Overview and Level Annotations

Branches:
Dungeon (4/15)
 Temple: D:4-7

Altars:

Shops:
D:2 [[

Annotations:
D:4 Edmund


Message History

You completely miss Edmund.
Edmund is lightly wounded.
Edmund says, "People think my brother is the best.
I think he's crazy."
Edmund hits you but does no damage.
You slash Edmund!
Edmund is heavily wounded.
You block Edmund's attack.
You hit Edmund.
Edmund is heavily wounded.
Edmund zaps a wand.
The puff of flame hits you!
Edmund hits you with a +4 flail of protection.
You hit Edmund but do no damage.
Edmund is heavily wounded.
A hobgoblin comes into view.
Edmund hits you but does no damage.
The hobgoblin shouts!
You hit Edmund but do no damage.
Edmund is heavily wounded.
Edmund hits you but does no damage.
You closely miss Edmund.
Edmund is heavily wounded.
Edmund hits you but does no damage.
Edmund zaps a wand.
The puff of flame hits you.
2854 ||| READING 3 scrolls of teleportation.
As you read the scroll of teleportation, it crumbles to dust.
You feel strangely unstable.
Edmund zaps a wand.
The puff of flame hits you.
You barely miss Edmund.
Edmund is heavily wounded.
Edmund barely misses you.
You hit Edmund but do no damage.
Edmund is heavily wounded.
Edmund zaps a wand.
The puff of flame hits you but does no damage.
You closely miss Edmund.
Edmund is heavily wounded.
You slash the hobgoblin!
You kill the hobgoblin!
Edmund zaps a wand.
The puff of flame hits you!
You die...

.## #.[. ##. ##
##.## ... ...
....# ...$###
....~ .... .......
#..~~~ ...
.....#.###..~~~#
##.
...........~~~~#
##~~
......@.$..~~~~
##~~~ #@#.~~
##~~~~ #.#.######.
~~~~~~ #..%.......
~~~~~~ #.#.######.
~~~~~~ #.#.~~~~~#
####~~ #.#..~~~~#
#~~ #.##.~~~~#
##~~ #.##..~~~###
.##.
#.###..~~~~####...


You could see Edmund.

Vanquished Creatures
  Robin (D:3)
  2 ufetubi (D:4)
  2 worms (D:2)
  A dart slug (D:4)
  5 orcs
  12 ball pythons
  6 bats
  6 endoplasms
  A giant cockroach (D:1)
  15 goblins
  7 hobgoblins
  2 jackals (D:3)
  6 kobolds
  4 quokkas
  4 frilled lizards
  5 rats
79 creatures vanquished.

Notes
Turn   | Place    | Note
-------+----------+-------------------------------------------
     0 | D:1      | qw the Gargoyle Fighter began the quest for the Orb.
     0 | D:1      | Reached XP level 1. HP: 14/14 MP: 1/1
     0 | D:1      | 0 ||| qw: Version: 0.2-a-10-g37ed214
     0 | D:1      | 0 ||| qw: Game counter: 728
     0 | D:1      | 0 ||| qw: Always use a shield: true
     0 | D:1      | 0 ||| qw: God list: Okawaru
     0 | D:1      | 0 ||| qw: Allow faded altars: false
     0 | D:1      | 0 ||| qw: Do Orc after D:15 true
     0 | D:1      | 0 ||| qw: Do second Lair branch before Depths: true
     0 | D:1      | 0 ||| qw: Lair rune preference: random
     0 | D:1      | 0 ||| qw: Plans: Normal, Zot:1-4, God:TSO, Crypt, Tomb,
                  | Pan, Slime:5, Hells, Abyss, Orb
     0 | D:1      | 0 ||| PLANNING D:1-11
    30 | D:1      | Reached skill level 2 in Axes
   115 | D:1      | Reached XP level 2. HP: 19/19 MP: 2/2
   478 | D:1      | Reached skill level 3 in Axes
   552 | D:1      | 552 ||| Stepping ~*~*~tactically~*~*~ (stealth).
   736 | D:1      | Reached XP level 3. HP: 23/23 MP: 3/3
   840 | D:1      | 840 ||| READING 3 scrolls labelled XYUBYT TAGIATH.
   841 | D:1      | 841 ||| READING 2 scrolls labelled LOSUMI HUREU.
   842 | D:1      | 842 ||| READING scroll labelled KAOG BU DAD.
   843 | D:1      | 843 ||| READING scroll labelled VUB TOS WAQA.
   844 | D:1      | 844 ||| READING 2 scrolls of identify.
   844 | D:1      | 844 ||| IDENTIFYING emerald potion
   867 | D:2      | Found Gukhafam's Armour Shoppe.
   870 | D:2      | 870 ||| STAIRDANCE
   916 | D:2      | 916 ||| BUYING +0 chain mail (45 gold).
   916 | D:2      | Bought a +0 chain mail for 45 gold pieces
   916 | D:2      | 916 ||| SHOPLISTING +0 pair of boots (45 gold, have 33).
   916 | D:2      | 916 ||| SHOPLISTING +1 pair of gloves of dexterity (165
                  | gold, have 33).
   916 | D:2      | 916 ||| SHOPLISTING +2 helmet (165 gold, have 33).
  1130 | D:2      | 1130 ||| Stepping ~*~*~tactically~*~*~ (stealth).
  1142 | D:2      | 1142 ||| Stepping ~*~*~tactically~*~*~ (stealth).
  1319 | D:2      | Found Gucol's Antique Armour Emporium.
  1328 | D:2      | 1328 ||| SHOPLISTING cloak (135 gold, have 79).
  1328 | D:2      | 1328 ||| SHOPLISTING glowing plate armour (780 gold, have
                  | 79).
  1328 | D:2      | 1328 ||| SHOPLISTING pair of runed boots (225 gold, have
                  | 79).
  1328 | D:2      | 1328 ||| SHOPLISTING tower shield (135 gold, have 79).
  1471 | D:2      | 1471 ||| UPGRADING to +0 chain mail.
  1481 | D:2      | 1481 ||| DROPPING +0 scale mail.
  1482 | D:2      | 1482 ||| READING 2 scrolls labelled UNLEXKOCKU.
  1483 | D:2      | 1483 ||| READING scroll labelled NOHOTZUATO.
  1488 | D:2      | 1488 ||| READING 2 scrolls of identify.
  1488 | D:2      | 1488 ||| IDENTIFYING fizzy red potion
  1489 | D:2      | 1489 ||| DROPPING scroll of summoning.
  1490 | D:2      | 1490 ||| DROPPING potion of magic.
  1518 | D:3      | Found a faded altar of an unknown god.
  1749 | D:3      | Reached XP level 4. HP: 28/28 MP: 4/4
  1944 | D:3      | 1944 ||| DROPPING +0 club.
  2019 | D:3      | 2019 ||| Stepping ~*~*~tactically~*~*~ (stealth).
  2032 | D:3      | Reached skill level 4 in Axes
  2034 | D:3      | 2034 ||| Stepping ~*~*~tactically~*~*~ (stealth).
  2055 | D:3      | Noticed Robin
  2056 | D:3      | 2056 ||| FLEEEEING.
  2057 | D:3      | 2057 ||| FLEEEEING.
  2058 | D:3      | 2058 ||| FLEEEEING.
  2059 | D:3      | 2059 ||| FLEEEEING.
  2060 | D:3      | 2060 ||| FLEEEEING.
  2061 | D:3      | 2061 ||| FLEEEEING.
  2062 | D:3      | 2062 ||| FLEEEEING.
  2063 | D:3      | 2063 ||| FLEEEEING.
  2064 | D:3      | 2064 ||| FLEEEEING.
  2065 | D:3      | 2065 ||| FLEEEEING.
  2066 | D:3      | 2066 ||| FLEEEEING.
  2067 | D:3      | 2067 ||| FLEEEEING.
  2068 | D:3      | 2068 ||| FLEEEEING.
  2069 | D:3      | 2069 ||| FLEEEEING.
  2070 | D:3      | 2070 ||| FLEEEEING.
  2071 | D:3      | 2071 ||| FLEEEEING.
  2076 | D:3      | 2076 ||| FLEEEEING.
  2088 | D:3      | Killed Robin
  2090 | D:3      | 2090 ||| FLEEEEING.
  2091 | D:3      | 2091 ||| FLEEEEING.
  2092 | D:3      | 2092 ||| FLEEEEING.
  2093 | D:3      | 2093 ||| STAIRDANCE
  2131 | D:2      | 2131 ||| UPGRADING to +2 pair of gloves.
  2136 | D:2      | 2136 ||| READING scroll labelled SYANIE LOG ITHOIME.
  2137 | D:2      | 2137 ||| DRINKING 2 fuming blue potions.
  2138 | D:2      | 2138 ||| READING 2 scrolls of identify.
  2138 | D:2      | 2138 ||| IDENTIFYING grey potion
  2195 | D:3      | 2195 ||| Stepping ~*~*~tactically~*~*~ (stealth).
  2235 | D:3      | 2235 ||| FLEEEEING.
  2238 | D:3      | 2238 ||| FLEEEEING.
  2239 | D:3      | 2239 ||| FLEEEEING.
  2240 | D:3      | 2240 ||| FLEEEEING.
  2241 | D:3      | 2241 ||| STAIRDANCE
  2290 | D:2      | 2290 ||| UPGRADING to +0 helmet.
  2295 | D:2      | 2295 ||| READING scroll of enchant armour.
  2295 | D:2      | 2295 ||| ENCHANTING +0 helmet.
  2298 | D:3      | 2298 ||| STAIRDANCE
  2334 | D:3      | 2334 ||| DROPPING +0 whip.
  2541 | D:4      | 2541 ||| Stepping ~*~*~tactically~*~*~ (stealth).
  2590 | D:4      | Reached XP level 5. HP: 17/32 MP: 5/5
  2766 | D:4      | 2766 ||| FLEEEEING.
  2768 | D:4      | 2768 ||| FLEEEEING.
  2769 | D:4      | 2769 ||| FLEEEEING.
  2770 | D:4      | 2770 ||| FLEEEEING.
  2771 | D:4      | 2771 ||| FLEEEEING.
  2772 | D:4      | 2772 ||| FLEEEEING.
  2838 | D:4      | Noticed Edmund
  2853 | D:4      | HP: 7/32 [Edmund/puff of flame (4)]
  2854 | D:4      | 2854 ||| READING 3 scrolls of teleportation.
  2854 | D:4      | HP: 3/32 [Edmund/puff of flame (4)]
  2857 | D:4      | Killed from afar by Edmund

Levels and vault maps discovered:
D:1:      spicycebolla_arrival_xxxplode, layout_basic
D:2:      layout_rooms, serial_shops, shop, nicolae_lakefront_shop
D:3:      layout_basic, ebering_ecumenical_altar_hall, grunt_ministairs_14,
          minivault_25, nicolae_eternal_life, uniq_robin
D:4:      layout_loops_ring, serial_shops, kennysheep_mini,
          grunt_decor_junction, uniq_edmund, uniq_natasha

Skill      XL: |  1  2  3  4 |
---------------+-------------+-----
Axes           | 2 3 4 |  4.6
Fighting       | |  3.2
Armour         | |  3.2
Shields        | |  3.2

Action                   |  1- 3 |  4- 6 || total
-------------------------+-------+-------++-------
Melee: War axe           |   102 |   136 ||   238
  Use: Scroll            |     8 |     4 ||    12
       Potion            |       |     1 ||     1
Armor: Scale mail        |    34 |       ||    34
       Chain mail        |     4 |   126 ||   130
Dodge: Dodged            |    33 |    53 ||    86
Block: Buckler           |    10 |    24 ||    34

Table legend:
 A = Non-vault XP
 B = Vault XP
 C = Vault XP percentage of total XP
 D = Non-vault monster count
 E = Vault monster count
 F = Vault count percentage of total count
                 A         B        C        D         E       F
            +---------+---------+-------+---------+---------+-------
      Total |     132 |      42 |  24.1 |      64 |      15 |  19.0
            +---------+---------+-------+---------+---------+-------
        D:1 |      36 |       0 |   0.0 |      22 |       0 |   0.0
        D:2 |      32 |       2 |   5.9 |      16 |       1 |   5.9
        D:3 |      31 |      40 |  56.3 |      16 |      14 |  46.7
        D:4 |      33 |       0 |   0.0 |      10 |       0 |   0.0
            +---------+---------+-------+---------+---------+-------
